 Dungeon Crawl Stone Soup version 0.28.0-53-g5a82cb258f (webtiles) character file.

Game seed: 5477467472480469944

11555 issech the Archer (level 11, 0/89 HPs)
             Began as a Minotaur Monk on May 24, 2022.
             Was a High Priest of Hepliaklqana.
             Asphyxiated
             ... on level 10 of the Dungeon.
             The game lasted 00:53:40 (10909 turns).

issech the Archer (Minotaur Monk)                  Turns: 10909, Time: 00:53:45

Health: 0/89       AC: 17    Str: 16    XL:     11   Next: 50%
Magic:  10/10      EV:  7    Int:  5    God:    Hepliaklqana [*****.]
Gold:   621        SH:  0    Dex: 20    Spells: 10/10 levels left

rFire   + + .      SeeInvis +   F - +0 shortbow (freeze)
rCold   . . .      Faith    .   (shield currently unavailable)
rNeg    + + .      Spirit   .   S - +0 plate armour
rPois   .          Reflect  .   G - +0 hat {Int+3}
rElec   +          Harm     .   n - +0 cloak
rCorr   .          Rampage  .   (no gloves)
Will    +....      NoCast   +   v - +1 pair of boots of Slovenliness {-Cast rElec rF++ SInv}
Stlth   ..........              (no amulet)
HPRegen 0.24/turn               A - ring of willpower
MPRegen 0.12/turn               C - ring "Leushus" {rN++ Int-5 Dex+3 Slay+4}

@: brilliant, lethally poisoned (0 -> -13), slowed, very slow
A: reduced essence, horns 2, retaliatory headbutt
a: Renounce Religion, Recall Ancestor, Ancestor Identity, Transference, Idealise


You were on level 10 of the Dungeon.
You worshipped Hepliaklqana.
Hepliaklqana was extremely pleased with you.
You visited 2 branches of the dungeon, and saw 11 of its levels.
You also visited: Bailey.

You collected 621 gold pieces.

Inventory:

Hand Weapons
 l - a +2 dagger of flaming
 w - a +0 glaive
 y - a +0 hunting sling
 B - the +3 morningstar "Parchof" {flame, rN+ rCorr Str+4 Stlth-}
   (You found it on level 8 of the Dungeon)

   It burns those it strikes, dealing additional fire damage.
   Str:       It affects your strength (+4).
   rN:        It protects you from negative energy.
   rCorr:     It protects you from acid and corrosion.
   Stlth:     It makes you less stealthy.
 F - a +0 shortbow of freezing (weapon)
 H - a +1 spear of venom
 L - a +4 battleaxe
 Y - a +2 halberd
 Z - a +4 great sword
Missiles
 e - 141 arrows (quivered ammo)
 o - 33 sling bullets
 q - 10 poisoned darts
 r - 151 stones
 s - 39 bolts
 x - 5 javelins
 N - 21 boomerangs
Armour
 n - a +0 cloak (worn)
 v - the +1 pair of boots of Slovenliness (worn) {-Cast rElec rF++ SInv}
   (You acquired it on level 8 of the Dungeon)

   rF:        It greatly protects you from fire.
   rElec:     It insulates you from electricity.
   SInv:      It lets you see invisible.
   -Cast:     It prevents spellcasting.
 E - a +0 pair of boots
 G - a +0 hat of intelligence (worn)
 S - a +0 plate armour (worn)
Magical Staves
 V - a staff of death
Jewellery
 d - a ring of protection from cold
 A - a ring of willpower (left hand)
 C - the ring "Leushus" (right hand) {rN++ Int-5 Dex+3 Slay+4}
   (You found it on level 4 of the Dungeon)

   [ring of slaying]

   Int:       It affects your intelligence (-5).
   Dex:       It affects your dexterity (+3).
   Slay:      It affects your accuracy & damage with ranged weapons and melee
   (+4).
   rN:        It greatly protects you from negative energy.
 M - a +4 ring of protection
Wands
 a - a wand of charming (7)
 i - a wand of paralysis (6)
 T - a wand of polymorph (4)
 U - a wand of digging (7)
 W - a wand of flame (20)
Scrolls
 b - 3 scrolls of fear
 c - a scroll of holy word
 k - a scroll of summoning
 p - a scroll of amnesia
 u - 2 scrolls of enchant armour
 D - 2 scrolls of immolation
 J - 4 scrolls of teleportation
 Q - a scroll of fog
 X - a scroll of enchant weapon
Potions
 f - a potion of haste {unknown}
 g - 3 potions of heal wounds {unknown}
 h - 2 potions of berserk rage {unknown}
 j - 2 potions of mutation {unknown}
 m - 4 potions of brilliance
 t - 3 potions of ambrosia {unknown}
 z - 6 potions of flight {unknown}
 I - a potion of experience
 K - 4 potions of curing {unknown}
 O - a potion of invisibility {unknown}
 P - 3 potions of cancellation {unknown}
 R - 4 potions of might {unknown}


   Skills:
 + Level 9.9 Fighting
 + Level 7.0(9.0) Axes
 + Level 6.1(7.6) Maces & Flails
 + Level 6.0(7.5) Polearms
 + Level 10.1 Bows
 + Level 7.1 Throwing
 + Level 8.2 Armour
 + Level 4.7 Dodging
 + Level 3.1 Stealth


You had 10 spell levels left.
You didn't know any spells.
Your spell library contained the following spells:

 Spells                   Type           Power      Damage    Failure   Level
 Magic Dart               Conj           0%         1d3       100%        1
 Sandblast                Erth           0%         2d4       100%        1
 Summon Small Mammal      Summ           0%         N/A       100%        1
 Searing Ray              Conj           0%         2d4       100%        2
 Call Canine Familiar     Summ           0%         N/A       100%        3
 Summon Guardian Golem    Hex/Summ       0%         N/A       100%        3
 Tukima's Dance           Hex            0%         N/A       100%        3
 Animate Dead             Necr           0%         N/A       100%        4
 Fulminant Prism          Conj/Hex       0%         3d6       100%        4
 Passage of Golubria      Tloc           0%         N/A       100%        4
 Borgnjor's Vile Clutch   Necr/Erth      0%         N/A       100%        5
 Yara's Violent Unravell  Hex/Tmut       0%         3d3       100%        5
 Borgnjor's Revivificati  Necr           0%         N/A       100%        8


Dungeon Overview and Level Annotations

Branches:
Dungeon (10/15)            Temple (1/1) D:4          Bailey (visited)
   Lair: D:8-11         Orc: D:9-12

Altars:
Ashenzari
Cheibriados
Dithmenos
Elyvilon
Fedhas
Gozag
Hepliaklqana
Kikubaaqudgha
Makhleb
Nemelex Xobeh
Okawaru
Qazlal
Ru
Sif Muna
Trog
Uskayaw
Vehumet
Wu Jian
Xom
Yredelemnul
Zin
The Shining One

Shops:
D:7 :

Annotations:
D:10 Sonja


Innate Abilities, Weirdness & Mutations

Your life essence is reduced to manifest your ancestor. (-10% HP)
You have a pair of horns on your head.
You reflexively headbutt those who attack you in melee.


Message History

You shoot an arrow. The arrow misses Sonja.
You feel very sick.
Numeria barely misses Sonja. x2
You shoot an arrow. The arrow hits Sonja.
The arrow freezes Sonja.
Sonja is moderately wounded.
You feel sick.
Sonja shouts, "Too slow!"
Sonja throws a curare-tipped dart.
The curare-tipped dart hits you.
You are more poisoned.
You have difficulty breathing.
You feel as though you will be slow longer.
Sonja gestures wildly while chanting.
Sonja blinks!
You shoot an arrow. The arrow hits Sonja.
The arrow freezes Sonja.
Sonja is heavily wounded.
You feel very sick.
You shoot an arrow. The arrow closely misses Sonja.
You feel sick.
Sonja hits you with a +1 short sword of distortion. x2
Sonja barely misses you.
Numeria casts a spell at Sonja.
The stone arrow misses Sonja.
Sonja hits you with a +1 short sword of distortion.
Sonja hits you but does no damage. Space warps horribly around you!
* * * LOW HITPOINT WARNING * * *
Sonja hits you with a +1 short sword of distortion.
* * * LOW HITPOINT WARNING * * *
Space warps around you!
* * * LOW HITPOINT WARNING * * *
Unknown command.
You feel very sick.
Sonja casts a spell.
Sonja blinks!
Sonja zaps a wand.
The puff of flame hits you. You resist.
* * * LOW HITPOINT WARNING * * *
It was a potion of brilliance.
You feel clever all of a sudden.
You feel sick.
Sonja throws a curare-tipped dart.
The curare-tipped dart hits you.
You are lethally poisoned!
You have difficulty breathing.
You die...

### ##### #..###### ....
#.......###...
#.....(.....#######
#...........#.....#
######.(.....§.@.#.....#
#.......K........#...§.#
##................#.....#
...............R..#.....#
..................#.....#
.......####+##....(.(..(#
#......# #....#######
#......# #..... #......#
#......


You could see the friendly Numeria the battlemage and Sonja (ally target).

Vanquished Creatures
  Gastronok (D:9)
  An orc warlord (Bailey)
  Josephine (D:10)
  An orc knight (Bailey)
  Maurice (D:8)
  Maggie (D:6)
  An ice devil (D:8)
  3 yaks (D:7)
  4 wraiths
  A steam dragon (D:8)
  2 water moccasins (D:6)
  2 black bears
  An ice beast (D:7)
  4 orc warriors
  A sky beast (D:6)
  A necrophage (D:5)
  A phantom (D:6)
  3 centaurs
  A bullfrog (D:6)
  2 scorpions (D:7)
  5 wights
  2 killer bees (D:8)
  2 howler monkeys
  A bullfrog zombie (D:5)
  A centaur zombie (D:5)
  3 hounds
  A centaur skeleton (D:5)
  3 orc priests
  A gnoll shaman (D:5)
  4 orc wizards
  A hound zombie (D:5)
  A howler monkey zombie (D:5)
  8 gnolls
  A howler monkey skeleton (D:7)
  6 adders
  A shadow imp (D:6)
  A white imp (D:8)
  4 ufetubi (D:8)
  An adder skeleton (D:2)
  3 worms
  A dart slug (D:5)
  23 orcs
  9 endoplasms
  4 giant cockroaches
  13 goblins
  10 hobgoblins
  13 kobolds
  2 quokkas
  5 ball pythons
  4 bats
  2 frilled lizards (D:1)
  3 rats
172 creatures vanquished.

Vanquished Creatures (collateral kills)
  A two-headed ogre (D:8)
  An ice statue (D:8)
  3 ice devils (D:8)
  A wyvern (D:9)
  2 yaks (D:7)
  A steam dragon (D:7)
  A water moccasin (D:7)
  A black bear (D:5)
  3 orc warriors
  A sky beast (D:6)
  A necrophage (D:7)
  A centaur (D:9)
  Blork the orc (D:4)
  A bullfrog (D:7)
  A scorpion (D:5)
  A wyvern skeleton (D:5)
  A jelly (D:7)
  A water moccasin skeleton (D:6)
  3 killer bees (D:8)
  3 wights
  2 howler monkeys
  A centaur zombie (D:7)
  3 hounds
  2 orc priests
  An orc wizard (D:5)
  A killer bee zombie (D:9)
  6 gnolls
  2 white imps (D:7)
  An adder skeleton (D:4)
  A worm (D:4)
  6 orcs
  2 hobgoblins (Bailey)
  A kobold (D:4)
58 creatures vanquished.

Vanquished Creatures (others)
  11 battlemagi
  An ufetubus (D:8)
12 creatures vanquished.

Grand Total: 242 creatures vanquished

Notes
Turn   | Place    | Note
-------+----------+-------------------------------------------
     0 | D:1      | issech the Minotaur Monk began the quest for the Orb.
     0 | D:1      | Reached XP level 1. HP: 19/19 MP: 0/0
   139 | D:1      | Reached XP level 2. HP: 27/27 MP: 1/1
  1008 | D:2      | Reached XP level 3. HP: 33/33 MP: 2/2
  1098 | D:2      | You fall into a shaft and drop 2 floors!
  1351 | D:2      | Reached XP level 4. HP: 34/41 MP: 3/3
  1429 | D:2      | Reached skill level 1 in Armour
  1772 | D:2      | Found a faded altar of an unknown god.
  1871 | D:3      | Reached skill level 1 in Throwing
  1892 | D:3      | Found a radiant altar of Vehumet.
  1898 | D:3      | Found a broken altar of Ashenzari.
  1939 | D:3      | Found a glowing silver altar of Zin.
  1974 | D:3      | Reached XP level 5. HP: 28/47 MP: 4/4
  2397 | D:4      | Reached skill level 1 in Polearms
  2548 | D:4      | Found a staircase to the Ecumenical Temple.
  2575 | Temple   | Entered the Ecumenical Temple
  2660 | Temple   | Became a worshipper of Hepliaklqana the Forgotten
  2660 | Temple   | Reached * piety under Hepliaklqana
  2660 | Temple   | Reached ** piety under Hepliaklqana
  2661 | Temple   | Remembered your ancestor Numeria as a battlemage
  2838 | D:4      | Identified the ring "Leushus" {rN++ Int-5 Dex+3 Slay+4}
  2937 | D:4      | Found a snail-covered altar of Cheibriados.
  2958 | D:4      | Noticed Blork the orc
  2960 | D:4      | Found a glowing golden altar of the Shining One.
  2964 | D:4      | Killed Blork the orc
  2965 | D:4      | Reached XP level 6. HP: 43/49 MP: 5/5
  3219 | D:4      | Reached skill level 5 in Fighting
  3224 | D:4      | Reached skill level 1 in Bows
  3363 | D:4      | Reached XP level 7. HP: 54/54 MP: 6/6
  3418 | D:5      | Entered Level 5 of the Dungeon
  3491 | D:5      | Reached skill level 2 in Bows
  3774 | D:5      | Reached skill level 5 in Polearms
  3961 | D:5      | Reached skill level 3 in Bows
  4264 | D:5      | Reached XP level 8. HP: 50/62 MP: 7/7
  4791 | D:5      | Reached skill level 4 in Bows
  4848 | D:5      | Reached skill level 5 in Armour
  5033 | D:6      | Reached *** piety under Hepliaklqana
  5053 | D:6      | Noticed Maggie
  5068 | D:6      | Killed Maggie
  5069 | D:6      | Reached skill level 5 in Bows
  5246 | D:6      | Reached skill level 6 in Bows
  5365 | D:6      | Reached skill level 7 in Bows
  5365 | D:6      | Reached XP level 9. HP: 55/70 MP: 8/8
  6163 | D:7      | Reached skill level 8 in Bows
  6481 | D:7      | Found Bitaanon's Book Emporium.
  6671 | D:7      | Reached **** piety under Hepliaklqana
  6956 | D:7      | Reached skill level 5 in Axes
  6962 | D:7      | Reached skill level 9 in Bows
  7462 | D:8      | Noticed a two-headed ogre
  7463 | D:8      | Identified the +3 morningstar "Parchof" {flame, rN+ rCorr
                  | Str+4 Stlth-}
  7471 | D:8      | Killed a two-headed ogre
  7472 | D:8      | Reached XP level 10. HP: 20/79 MP: 9/9
  7905 | D:7      | Reached skill level 1 in Maces & Flails
  8020 | D:8      | Noticed an ice statue
  8042 | D:8      | Noticed Maurice
  8048 | D:8      | Killed Maurice
  8682 | D:8      | Identified a scroll of acquirement
  8683 | D:8      | Acquired the +1 pair of boots of Slovenliness {-Cast rElec
                  | rF++ SInv}
  8925 | D:8      | Killed an ice statue
  8980 | D:8      | Reached skill level 5 in Throwing
  9089 | D:9      | Noticed Gastronok
  9118 | D:9      | Killed Gastronok
  9119 | D:9      | Reached XP level 11. HP: 25/85 MP: 10/10
  9169 | D:9      | Found a flagged portal.
  9206 | Bailey   | Entered a bailey
  9456 | Bailey   | Noticed an orc warlord
  9516 | Bailey   | Noticed an orc knight
  9555 | Bailey   | Found a runed translucent gate.
  9555 | Bailey   | Found a runed translucent gate.
  9555 | Bailey   | Found a runed translucent gate.
  9695 | Bailey   | Killed an orc knight
  9696 | Bailey   | Reached skill level 5 in Maces & Flails
  9946 | Bailey   | Killed an orc warlord
  9977 | Bailey   | Got the Compendium of the Unholy Mountains
 10107 | D:9      | Reached ***** piety under Hepliaklqana
 10321 | D:9      | Found an iron altar of Okawaru.
 10685 | D:10     | Entered Level 10 of the Dungeon
 10820 | D:10     | Noticed Josephine
 10829 | D:10     | Killed Josephine
 10830 | D:10     | Reached skill level 10 in Bows
 10899 | D:10     | Noticed Sonja
 10909 | D:10     | Asphyxiated

Illustrated notes

Levels and vault maps discovered:
D:1:      minmay_arrival_checkered_box, layout_loops_cross,
          minmay_misc_feat_encased, hex_tiny
D:2:      layout_basic, hellmonk_ecumenical_altar_lost_god
D:3:      layout_rooms, nicolae_overflow_hidden_temple,
          mainiacjoe_overflow_catch_the_wave
D:4:      black_bear_nest_1, layout_rooms, mainiacjoe_overflow_alcove_1,
          slow_altar_2, minmay_temple_entry_nine_rooms, grunt_decor_fettered,
          uniq_blork_the_orc
D:5:      layout_loops_corners, hex_large
D:6:      layout_basic, uniq_maggie
D:7:      layout_basic, serial_shops, nicolae_shop_stone, dk_noncrumbling_4,
          kennysheep_generic_room_8
D:8:      cheibrodos_frozen_isle, layout_cave_pools, uniq_maurice
D:9:      layout_small_grid, amcnicky_altar_gilded, enter_bailey_5,
          minmay_diced_spiral, uniq_gastronok
D:10:     layout_irregular_city, grunt_lair_entry_orc_guard_hut, enter_trove_5,
          uniq_erolcha, uniq_josephine, uniq_sonja
Temple:   eino_temple_scatter_basement

Skill      XL: |  1  2  3  4  5  6  7  8  9 10 11 |
---------------+----------------------------------+-----
Axes           | 4 6 7 |  7.0
Fighting       | 4 5 6 8 9 |  9.9
Stealth        | 2 3 |  3.1
Armour         | 1 2 3 4 5 6 7 8 |  8.2
Throwing       | 1 2 6 7 |  7.1
Dodging        | 4 |  4.7
Polearms       | 3 4 5 6 |  6.0
Bows           | 1 3 7 9 10 | 10.1
Maces & Flails | 4 6 |  6.1

Action                   |  1- 3 |  4- 6 |  7- 9 | 10-12 || total
-------------------------+-------+-------+-------+-------++-------
Melee: Hand axe          |    65 |     8 |       |       ||    73
       Headbutt          |    13 |     8 |    20 |    15 ||    56
       Punch             |     1 |       |       |       ||     1
       Halberd           |       |    80 |    43 |       ||   123
       Glaive            |       |       |     2 |       ||     2
       Battleaxe         |       |       |    35 |     4 ||    39
       Morningstar       |       |       |       |    72 ||    72
 Fire: Shortbow          |       |    12 |   125 |    82 ||   219
Throw: Dart              |     7 |     3 |       |     7 ||    17
       Stone             |     4 |     2 |       |       ||     6
       Javelin           |       |       |     7 |       ||     7
       Boomerang         |       |       |       |   134 ||   134
Invok: Ancestor Life: Ba |       |     1 |       |       ||     1
  Use: Scroll            |       |       |       |    12 ||    12
       Potion            |       |       |       |     1 ||     1
 Stab: Sleeping          |     3 |       |       |       ||     3
       Distracted        |       |     1 |       |     1 ||     2
Armor: Robe              |     3 |       |       |       ||     3
       Ring mail         |    19 |    11 |       |       ||    30
       Scale mail        |       |    13 |    10 |       ||    23
       Chain mail        |       |       |    51 |       ||    51
       Plate armour      |       |       |     7 |    71 ||    78
Dodge: Dodged            |    57 |    57 |    52 |    54 ||   220
